Cogmind - Beta 15 @@@ ROGUE MODE // 2025.06.01 @ 21:56:09 Player: Carpathian Result: Self-destructed Performance ------------- Evolutions (2) 1000 Regions Visited (3) 600 Robots Destroyed (13) 65 Value Destroyed (560) 560 Prototype IDs (0) 0 Alien Tech Used (0) 0 Bonus (0) 0 TOTAL SCORE: 2225 Bonus ------- None Cogmind --------- Core Integrity 509/550 Matter 128/300 Energy 100/100 System Corruption 0% Temperature Cool (0) Movement Treading (240) Ox1 Location -8/Materials Parts ------- > --- POWER (2) -------- Subdweller Power Source > --- PROPULSION (2) --- Improved Treads > --- UTILITY (5) ------ Improved Heat Sink Large Storage Unit Targeting Computer Utility Shielding > --- WEAPON (2) ------- Heavy Assault Rifle Minigun > --- INVENTORY (15) --- Advanced Treads Carbon-fiber Leg Carbon-fiber Leg Cryofiber Web Subdweller Beam Cannon Heavy Assault Rifle Heavy Assault Rifle Gauss Rifle Light Cannon Peak State ------------ > --- POWER ------------ Subdweller Power Source Light Nuclear Core > --- PROPULSION ------- Light Treads Improved Treads > --- UTILITY ---------- Improved Heat Sink Large Storage Unit Targeting Computer Utility Shielding > --- WEAPON ----------- Battle Rifle Minigun > --- INVENTORY -------- Light Treads Cryofiber Web Subdweller Beam Cannon Heavy Assault Rifle Minigun Gauss Rifle Light Cannon Rocket Launcher [Rating: 20] Favorites ----------- Power Light Ion Engine Engine Light Ion Engine Power Core Light Nuclear Core Propulsion Light Treads Treads Light Treads Utility Small Storage Unit Device Improved Heat Sink Storage Small Storage Unit Processor Targeting Computer Protection Utility Shielding Weapon Assault Rifle Energy Gun Small Laser Ballistic Gun Assault Rifle Launcher Rocket Launcher Build | -11 -10 -10 -8 ------- Run | Yrd Mat Sub Mat Slots Evolved 4 | . . . 4 Power 1 | . . . 1 Propulsion . | . . . . Utility 3 | . . . 3 Weapon . | . . . . Parts Attached 20 | 6 . 5 9 Power 3 | 1 . 1 1 Engine 2 | 1 . . 1 Core 1 | . . 1 . Reactor . | . . . . Propulsion 4 | 2 . . 2 Treads 4 | 2 . . 2 Leg . | . . . . Wheel . | . . . . Hover . | . . . . Flight . | . . . . Utility 5 | 1 . 1 3 Device 1 | . . 1 . Storage 2 | 1 . . 1 Processor 1 | . . . 1 Hackware . | . . . . Protection 1 | . . . 1 Artifact . | . . . . Weapon 8 | 2 . 3 3 Energy Gun 1 | 1 . . . Energy Cannon . | . . . . Ballistic Gun 5 | 1 . 1 3 Ballistic Cannon . | . . . . Launcher 2 | . . 2 . Special Weapon . | . . . . Impact Weapon . | . . . . Slashing Weapon . | . . . . Piercing Weapon . | . . . . Special Melee Weapon . | . . . . Unidentified Prototypes . | . . . . Parts Lost 2 | . . 1 1 Power 1 | . . . 1 Propulsion . | . . . . Utility . | . . . . Weapon 1 | . . 1 . Highest Loss Streak 1 | . . 1 1 To Critical Strikes . | . . . . Average Backups 4 | . 2 5 6 Power . | . . 1 . Propulsion . | . . . . Utility 1 | . . 1 1 Weapon 2 | . 1 2 4 Tool/Special . | . . . . Unused Backups 8 | . . . 8 Power . | . . . . Propulsion 2 | . . . 2 Utility 1 | . . . 1 Weapon 5 | . . . 5 Tool/Special . | . . . . Average Slot Usage (%) 86 | . 85 92 81 Engine 10 | . 14 8 8 Core 4 | . . 6 6 Treads 24 | . 28 28 17 Device 5 | . . 7 9 Storage 12 | . 14 14 9 Processor 1 | . . . 4 Protection 2 | . . . 7 Energy Gun 6 | . 14 7 . Ballistic Gun 14 | . 14 14 15 Launcher 3 | . . 6 2 Peak Build Rating 20 | 6 7 13 20 Average Rating 11 | 4 6 9 17 On Entrance 6 | . 6 7 13 Naked Turns . | . . . . Heaviest Build 38 | 11 11 17 38 Greatest Support 43 | 40 40 40 43 Greatest Overweight (x) 1 | . . . 1 Average Overweight (x) . | . . . . Largest Inventory Capacity 15 | 8 8 8 15 Average Capacity 10 | 7 8 8 14 Most Carried 10 | 4 6 8 10 Average Carried 4 | . 2 5 6 Final Capacity 15 | 8 8 8 15 Final Carried 9 | . 6 4 9 Class Distribution -------------------- 84% | Mutant 15% | Scavenger-Mutant Dominant Class ---------------- Mutant | -10/Materials Mutant | -10/Subcaves Mutant | -8/Materials Resources | -11 -10 -10 -8 ----------- Run | Yrd Mat Sub Mat Matter Collected 500 | 194 120 93 93 Remotely . | . . . . Salvage Created 543 | . 196 62 285 Parts 38 | . 13 6 19 Haulers Intercepted . | . . . . Recyclers Shooed 1 | . . . 1 Parts Field Recycled . | . . . . Retrieved Matter . | . . . . Parts Self-Destructed 12 | . . 12 . Prevented . | . . . . Kills | -11 -10 -10 -8 ------- Run | Yrd Mat Sub Mat Combat Hostiles Destroyed 13 | . 5 2 6 Guns 11 | . 5 . 6 AOE 2 | . . 2 . Classes Destroyed 4 | . 1 1 2 Grunt 7 | . 5 . 2 Sentry 3 | . . . 3 Hunter 1 | . . . 1 Subdweller 2 | . . 2 . Best Kill Streak 4 | . 4 2 2 Combat Bots Only 4 | . 4 2 2 Max Kills in Single Turn 1 | . 1 1 1 Gunslinging . | . . . . Exploded 1 | . . 1 . Melee . | . . . . Uniques/NPCs Destroyed . | . . . . Combat | -11 -10 -10 -8 -------- Run | Yrd Mat Sub Mat Hostile Shots Fired 80 | . 26 10 44 Missed 32 | . 12 6 14 Hits 48 | . 14 4 30 Projectile 48 | . 14 4 30 AOE 2 | . . 2 . Critical Strikes 4 | . . . 4 Damage Taken 820 | . 164 201 455 Core 92 | . 11 40 41 Absorbed by Shields . | . . . . Redirected to Shielding 4 | . . . 4 Core Remaining (%) 89 | 100 . 79 . Volleys Fired 49 | . 18 5 26 Largest 2 | . 2 2 2 Hottest 60 | . 60 58 58 Shots Fired 92 | . 36 8 48 Gun 87 | . 36 5 46 Cannon . | . . . . Launcher 5 | . . 3 2 Special . | . . . . Kinetic 69 | . 18 5 46 Thermal 18 | . 18 . . Explosive 5 | . . 3 2 Electromagnetic . | . . . . Robot Hit Streak 15 | . 5 5 15 Robot Miss Streak 2 | . 2 1 2 Penetration Max . | . . . . Secondary Targets . | . . . . Shots Hit Robots 60 | . 21 5 34 Core Hits 27 | . 11 3 13 Critical Kills . | . . . . Critical Parts Destroyed . | . . . . Critical Strikes . | . . . . Melee Attacks . | . . . . Impact . | . . . . Slashing . | . . . . Piercing . | . . . . Sneak Attacks . | . . . . Combat Hostiles . | . . . . Follow-up Attacks . | . . . . Damage Inflicted 1027 | . 285 202 540 Guns 808 | . 285 24 499 Cannons . | . . . . Explosions 219 | . . 178 41 Melee . | . . . . Ramming . | . . . . Kinetic 720 | . 197 24 499 Thermal 88 | . 88 . . Explosive 219 | . . 178 41 Electromagnetic . | . . . . Impact . | . . . . Slashing . | . . . . Piercing . | . . . . Highest Corruption . | . . . . Average Corruption . | . . . . Corruption Purged . | . . . . Corruption Blocked . | . . . . Overload Shots . | . . . . Overflow Damage . | . . . . Projectiles . | . . . . Explosions . | . . . . Melee . | . . . . Knockbacks . | . . . . Impact . | . . . . Kinetic . | . . . . Secondary . | . . . . Self-Inflicted Damage 25 | . . 25 . Shots 1 | . . 1 . Rammed . | . . . . Targets Rammed . | . . . . Kicked . | . . . . Crushed . | . . . . Highest Temperature 36 | . 36 . 23 Average Temperature 20 | . 21 . 12 Received Heat Transfer 324 | . 90 18 216 Siege Activations . | . . . . Martial Activations . | . . . . Shielding Activations . | . . . . Robots Disrupted . | . . . . Combat Hostiles . | . . . . Robots Corrupted . | . . . . Combat Hostiles . | . . . . Parts Fried . | . . . . Impact Corruptions . | . . . . Robots Melted . | . . . . Combat Hostiles . | . . . . Parts Melted . | . . . . Heat Transferred 200 | . 200 . . Parts Sabotaged . | . . . . Parts Stolen . | . . . . Parts Stripped . | . . . . Power Chain Reactions . | . . . . Alert | -11 -10 -10 -8 ------- Run | Yrd Mat Sub Mat Maximum Alert Level . | . . . . Low Security (%) 100 | 100 100 . 100 Level 1 . | . . . . Level 2 . | . . . . Level 3 . | . . . . Level 4 . | . . . . Level 5 . | . . . . High Security . | . . . . Max Security . | . . . . Peak Influence 106 | . 106 . 42 Initial . | . . . . Average 11 | . 17 . 8 Influence Increases 320 | . 144 . 176 Destroy 0b10 Robot/C 220 | . 100 . 120 Destroy Leader 80 | . 30 . 50 Successful Hack 14 | . 14 . . Destroy Structure 6 | . . . 6 Influence Decreases 278 | . 62 82 134 Entered New Map 40 | . . 40 . Time Decay 228 | . 62 42 124 Lost Part 10 | . . . 10 Squads Dispatched 6 | . 1 . 5 Investigation 1 | . . . 1 Extermination . | . . . . Reinforcement 4 | . 1 . 3 Assault . | . . . . Garrison 1 | . . . 1 Intercept . | . . . . Searches Triggered . | . . . . Construction Impeded . | . . . . Haulers Reinforced . | . . . . Active Scanning Responses . | . . . . Cargo Convoy Interrupts . | . . . . Stealth | -11 -10 -10 -8 --------- Run | Yrd Mat Sub Mat Distress Signals 3 | . 1 . 2 Communications Jammed . | . . . . Distress Signals . | . . . . Times Spotted 19 | . 10 3 6 Peak Tracking Total 3 | . 3 3 2 Tactical Retreats . | . . . . Traps | -11 -10 -10 -8 ------- Run | Yrd Mat Sub Mat Traps Triggered 1 | . . . 1 Indirectly . | . . . . Trap Hack Attempts . | . . . . Triggered . | . . . . Disarmed . | . . . . Reprogrammed . | . . . . Reused . | . . . . Traps Extracted . | . . . . Installed . | . . . . Triggered . | . . . . Machines | -11 -10 -10 -8 ---------- Run | Yrd Mat Sub Mat Machines Disabled . | . . . . Max in Single Turn . | . . . . Machines Repaired . | . . . . Machines Dismantled . | . . . . Machines Sabotaged . | . . . . Overloaded Fab Kills . | . . . . Hacking | -11 -10 -10 -8 --------- Run | Yrd Mat Sub Mat Machines Accessed 3 | . 2 . 1 Terminals 2 | . 2 . . Fabricators . | . . . . Repair Stations . | . . . . Recycling Units 1 | . . . 1 Scanalyzers . | . . . . Garrison Access . | . . . . Total Hacks 4 | . 2 . 2 Successful 3 | . 2 . 1 Failed 1 | . . . 1 Catastrophic . | . . . . Database Lockouts . | . . . . Manual . | . . . . Terminals 2 | . 2 . . Fabricators . | . . . . Repair Stations . | . . . . Recycling Units 2 | . . . 2 Scanalyzers . | . . . . Garrison Access . | . . . . Terminal Hacks 2 | . 2 . . Record 1 | . 1 . . Locate Traps 1 | . 1 . . Fabricator Hacks . | . . . . Repair Station Hacks . | . . . . Recycling Unit Hacks 1 | . . . 1 Report Inventory 1 | . . . 1 Scanalyzer . | . . . . Garrison Access Hacks . | . . . . Unauthorized Hacks . | . . . . Terminals . | . . . . Fabricators . | . . . . Repair Stations . | . . . . Recycling Units . | . . . . Scanalyzers . | . . . . Garrison Access . | . . . . Data Cores Recovered . | . . . . Used . | . . . . Hacking Detections 1 | . . . 1 Full Trace Events . | . . . . Feedback Events . | . . . . Feedback Blocked . | . . . . Robot Schematics Acquired . | . . . . Robots Built . | . . . . Authchips . | . . . . Time . | . . . . Total Robot Build Rating . | . . . . Part Schematics Acquired . | . . . . Parts Built . | . . . . Authchips . | . . . . Time . | . . . . Total Part Build Rating . | . . . . Parts Repaired . | . . . . Time . | . . . . Parts Recycled . | . . . . Recycled Matter . | . . . . Retrieved Matter . | . . . . Retrieved Components . | . . . . Parts Scanalyzed . | . . . . Part Schematics Acquired . | . . . . Parts Damaged . | . . . . Bothacking | -11 -10 -10 -8 ------------ Run | Yrd Mat Sub Mat Used RIF Installer . | . . . . Robots Hacked . | . . . . Non-combat . | . . . . Combat . | . . . . Robot Hacks Applied . | . . . . Relay Couplers Released . | . . . . Fabnet Peak Effective % . | . . . . Robots Rewired . | . . . . Allies Hacked . | . . . . Hacks Repelled . | . . . . Allies | -11 -10 -10 -8 -------- Run | Yrd Mat Sub Mat Total Allies . | . . . . Largest Group . | . . . . Highest-Rated Group . | . . . . Highest-Rated Ally . | . . . . Total Orders . | . . . . Ally Attacks . | . . . . Total Damage . | . . . . Kills . | . . . . Allies Corrupted . | . . . . Allies Melted . | . . . . Intel | -11 -10 -10 -8 ------- Run | Yrd Mat Sub Mat Active Infowar (turns) . | . . . . Robot Analysis Total . | . . . . Derelict Logs Recovered 1 | . . 1 . Drone Launches . | . . . . Drone Recoveries . | . . . . Exploration | -11 -10 -10 -8 ------------- Run | Yrd Mat Sub Mat Turns Passed 1684 | 79 509 554 542 Spaces Moved 890 | 52 259 331 248 Core 14 | 14 . . . Treads 876 | 38 259 331 248 Legs . | . . . . Wheels . | . . . . Hover . | . . . . Flight . | . . . . Fastest Speed 50 | 50 160 160 160 Average Speed 158 | 130 160 160 162 Slowest Speed 240 | 160 160 160 240 Overloaded Moves . | . . . . Propulsion Burnouts . | . . . . Robots Hopped . | . . . . Potential Cave-ins . | . . . . Cave-ins Triggered . | . . . . Exploration Rate (%) 21 | 4 39 26 18 Regions Visited 3 Branch Regions 1 Pre-discovered Areas . | . . . . Known Exits Taken . | . . . . Unknown Exits Taken 3 | 1 1 1 . Scrap Searched . | . . . . Spaces Dug . | . . . . Terrain Destroyed 38 | . . 27 11 Melee . | . . . . Projectile . | . . . . AOE 38 | . . 27 11 Terrain Rammed . | . . . . Walls Destroyed . | . . . . Machines Disabled . | . . . . Actions | -11 -10 -10 -8 --------- Run | Yrd Mat Sub Mat Total 1073 | 63 318 348 344 Wait 80 | . 36 2 42 Move 887 | 51 258 330 248 Hop . | . . . . Pick Up 29 | 6 6 3 14 Fast Attach . | . . . . Attach 12 | 6 . 2 4 Detach . | . . . . Swap 8 | . . 3 5 Drop 8 | . . 3 5 Fire 49 | . 18 5 26 Melee . | . . . . Ram . | . . . . Kick . | . . . . Crush . | . . . . Escape Stasis . | . . . . Rewire . | . . . . Trap . | . . . . Miscellaneous . | . . . . Route ------- -11/Scrapyard -10/Materials -10/Subcaves (discovered 2 exits: *Mat / Rec) -8/Materials History --------- Turn | Location | Event 29 | -11/Scrapyard | Discovered new exit (range 16) 80 | -11/Scrapyard | Entered Materials 309 | -10/Materials | Build established: Mutant 530 | -10/Materials | Discovered new exit (range 11) 589 | -10/Materials | Entered Subcaves 605 | -10/Subcaves | Identified exit to Recycling 821 | -10/Subcaves | Shifting Twisted Machinery released Sub. Power Source 831 | -10/Subcaves | Shifting Twisted Machinery released Sub. Beam Cannon 876 | -10/Subcaves | Ambushed by Subdweller buried in earth 1116 | -10/Subcaves | Discovered new exit (range 15) 1143 | -10/Subcaves | Entered Materials 1143 | -8/Materials | Evolved 4 slots: Power x1, Utility x3 1626 | -8/Materials | Garrison activated, responded to threat 1685 | -8/Materials | Self-destructed Last Messages --------------- 01571_ Acquired 50 matter. 01584_ R-06 Scavenger collects Lgt. Armor Plating. 01588_ K-01 Serf collects debris. 01603_ O-16 Technician: "IFF HANDSHAKE FAILED. SECURING TERMINAL." 01617_ ALERT: Hostiles spotted, dispatching reinforcements to Terminal M001. 01626_ ALERT: Activating Garrison Access M001. 01643_ Triggered Blade Trap. 01643_ Massive razor-sharp blades shoot up from within the floor. 01643_ Minigun severed. 01643_ Lgt. Treads severed. 01649_ U-05 Engineer lays Concrete. 01653_ Critical hit (Burn: +37). 01663_ G-47 Trooper destroyed. 01669_ K-01 Serf collects debris. 01673_ Acquired Adv. Treads. 01674_ K-01 Serf cleans the Fusion Modulator. 01682_ G-47 Trooper destroyed. 01683_ R-06 Scavenger collects Particle Gun. 01685_ K-01 Serf collects debris. Map ----- +----------------------------------------------------+ | | | | | | | | | ?????????????????????????????????????????????????? | | ?????????????????????????????????????????????????? | | ?????????????????????????????????????????????????? | | ?????????????????????????????????????????????????? | | ?????????????????????????????????????????????????? | | ?????????????????????????????????????????????????? | | ?????????????????????????????????????????????????? | | ?????????????????????????????????????????????????? | | ?????????????????????????????????????????????????? | | ?????????????????????????????????????????????????? | | ?????????????????????????????????????????????????? | | ?????????????????????????????????????????????????? | | ?????????????????????????????????????????????????? | | ?????????????????????????????????????????????????? | | ?????????????????????????????????????????????????? | | ?????????????????????????????????????????????????? | | ?????????????????????????????????????????????????? | | ??????????????????????????????########???????????? | | ??????????????????????????????# #???????????? | | ??????????????????????????????# #???????????? | | ???????????????????????######## """ #???????????? | | ???????????????????????# @ # """ #???????????? | | ???????????????????????# #= """ #???????????? | | ???????????????????????# """# #???????????? | | ???????????????????????#!=="""##+#####???????????? | | ???????????????????????#!%="""# #######????????? | | ?????????????????? ???# =k= + #??? | | ?????????????????? #####/#### #######????????? | | ????????????????? [r#??## ##??????????????? | | ????????????????? #???# #????########???? | | ???????????????? k##### #????# % #???? | | ???????????????? == #???## #???? | | ???????????????? == #???# [= #???? | | ???????????????? == ! ###### ! ]=##### | | ???????????????? #?# =# | | ?????????????????# ######## #?# ! # | | ?????????????????# # """ # #####+#### | | ?????????????????+ # "R" + % + | | ?????????????????? # " " # ###+#### | | ?????????????????? # # # # | | ????????????????????? /// # # + # | | ????????????????????????/ # ##### ##### | | ???????????????????????????#####/##???# #???? | | ???????????????????????????????# ?????# #???? | | ???????????????????????????????# ?????# #???? | | ???????????????????????????????# ?????########???? | +----------------------------------------------------+ Best States ------------- Heat Dissipation 45 Energy Generation 24 Energy Capacity 260 Matter Stores 300 Matter Capacity 300 Sight Range 16 Terrain Scan Density 10 Utility Shielding 33 Evasion (%) 40 Targeting Accuracy 5 Recoil Reduction 2 Item Schematics ----------------- None Robot Schematics ------------------ None Fabricated ------------ Nothing Repaired ---------- Nothing Alien Tech Used ----------------- None Achievements -------------- None Challenges ------------ None Game ------ Seed CommAngularPendant Manual? 0 Play Time 00:11:42 Cumulative 28.9 hours Start 2025.06.01 @ 21:47:23 End 2025.06.01 @ 21:56:09 Sessions 1 Manual Loads 0 Difficulty Rogue Special Mode None Game No. 162 Rogue 162 Adventurer 0 Explorer 0 Win Type - Total 0 Types 0/0/0/0/0/0/0/0/0/0 Lore% 7 Gallery% 22 Achievement% 18 Wizard Run 0 Options --------- Layout 0 ASCII 0 Keyboard 0 Movement Arrows Keybinds 0 Fullscreen 2 Font 24/Cog Map View 76x50 Zoom Use 0% Tactical HUD 1 Map Filters NONE Filters NONE Steam 1 RUN: 17d44705-da1a-458d-b003-83101f6d6076